Map: World of Sleepers LE

Players

Reynor

  • Race: Zerg Zerg
  • Spawn Location: 7:00

Zest - Winner!

  • Race: Protoss Protoss
  • Spawn Location: 1:00

Event: IEM Katowice 2020

VOD

Have the link to the VOD?

Description

Time

  • Played on: Feb. 27, 2020, 12:03 p.m.
  • Length: 13:12

All games in this series

Show
View Real Time Build Order
Export as new Build Order

Reynor Zerg 

Build Orders: Hatch First 

Get SALT Encoding   

  12  0:00  Drone  
  13  0:13  Overlord  
  13  0:16  Drone  
  14  0:31  Drone x2  
  16  0:47  Drone x2  
  18  0:59  Drone  
  18  1:02  Hatchery  
  18  1:03  Extractor  
  17  1:13  Spawning Pool  
  17  1:15  Drone  
  17  1:19  Drone  
  18  1:28  Drone  
  19  1:40  Overlord  
  19  1:59  Zergling x2  
  19  2:00  Queen, Drone  
  23  2:06  Metabolic Boost  
  23  2:11  Drone  
  23  2:13  Drone  
  23  2:14  Queen  
  27  2:22  Drone  
  28  2:25  Drone  
  29  2:35  Drone  
  30  2:38  Hatchery  
  30  2:41  Drone  
  30  2:43  Drone  
  31  2:46  Drone  
  32  2:54  Overlord  
  32  2:57  Drone  
  33  2:59  Pneumatized Carapace  
  33  3:06  Drone  
  33  3:07  Drone x2  
  33  3:11  Overlord  
  36  3:14  Drone  
  36  3:17  Drone  
  36  3:19  Queen  
  38  3:22  Zergling x2  
  41  3:27  Zergling x2  
  41  3:29  Drone  
  43  3:36  Roach Warren  
  43  3:38  Zergling x2  
  43  3:39  Drone x3  
  46  3:43  Overlord  
  46  3:50  Extractor  
  45  3:57  Queen  
  47  4:09  Drone  
  48  4:16  Roach x7  
  62  4:17  Overlord  
  62  4:18  Zergling x6  
  62  4:20  Zergling x2  
  66  4:27  Overlord  
  66  4:30  Zergling x2  
  66  4:32  Overlord  
  66  4:35  Zergling x2  
  66  4:36  Zergling x4  
  68  4:42  Zergling x2, Roach x2  
  75  4:52  Roach  
  75  4:53  Zergling x2, Roach  
  71  5:05  Drone x4  
  71  5:06  Drone  
  70  5:13  Drone x4  
  74  5:15  Drone  
  75  5:21  Lair  
  75  5:24  Drone  
  75  5:25  Drone x2  
  78  5:29  Drone  
  78  5:30  Drone x2  
  78  5:35  Drone x2  
  83  5:38  Extractor, Evolution Chamber  
  83  5:40  Drone x3  
  83  5:41  Drone  
  85  5:46  Spore Crawler  
  85  5:47  Spore Crawler  
  81  5:53  Spore Crawler, Drone  
  78  5:58  Roach  
  79  6:06  Roach x2  
  79  6:08  Drone x2  
  84  6:13  Overlord  
  84  6:16  Zerg Missile Weapons Level 1  
  84  6:17  Extractor  
  82  6:19  Overseer  
  79  6:26  Roach x2  
  83  6:39  Roach x3  
  89  6:43  Hatchery  
  88  6:48  Overlord  
  88  6:50  Roach  
  90  6:54  Overlord  
  90  7:10  Drone  
  90  7:11  Drone x10  
  90  7:15  Overseer  
  100  7:20  Roach  
  100  7:24  Drone  
  100  7:26  Roach  
  103  7:36  Roach x2  
  107  7:42  Overlord  
  107  7:43  Overlord  
  107  7:44  Overseer  
  107  7:46  Overlord  
  107  7:48  Overlord  
  107  7:58  Overlord  
  107  8:00  Drone  
  107  8:01  Drone  
  107  8:03  Roach x5  
  107  8:05  Roach  
  121  8:07  Roach  
  121  8:08  Ravager x2  
  127  8:12  Roach  
  127  8:18  Roach x2  
  131  8:20  Zerg Missile Weapons Level 2  
  131  8:22  Overseer  
  131  8:25  Roach x2  
  135  8:28  Roach  
  135  8:29  Ravager x2  
  135  8:32  Extractor, Roach x3  
  144  8:34  Overlord  
  144  8:37  Overlord  
  144  8:39  Overlord  
  144  8:40  Overlord  
  144  8:42  Overlord  
  144  8:48  Overlord  
  144  8:53  Overlord  
  144  8:56  Roach, Ravager x4  
  144  8:57  Zergling x6  
  144  9:01  Zergling x8, Roach x2  
  161  9:08  Zergling x2, Roach x2  
  166  9:15  Glial Reconstitution  
  166  9:16  Zergling x4, Roach  
  170  9:18  Overlord  
  170  9:19  Zergling x2  
  171  9:27  Roach x3  
  171  9:29  Roach x2  
  181  9:32  Overlord  
  179  9:38  Roach  
  179  9:39  Roach x2  
  182  9:46  Roach x4  
  190  9:53  Roach x3  
  190  9:58  Ravager x2  
  198  10:24  Ravager x2  
  200  10:33  Overseer  
  198  10:39  Baneling Nest  
  194  10:47  Hatchery  
  175  10:52  Drone x6  
  175  10:55  Zergling x22, Roach  
  175  10:56  Extractor  
  160  11:03  Zergling x2, Roach x2  
  149  11:06  Roach  
  149  11:07  Zergling x4, Roach  
  149  11:08  Zergling x4  
  149  11:10  Zerg Melee Weapons Level 1  
  148  11:12  Roach  
  146  11:19  Drone x2  
  146  11:23  Roach, Centrifical Hooks, Queen  
  152  11:30  Roach x2  
  152  11:32  Baneling x21  
  156  11:34  Zergling x6  
  156  11:35  Zergling x6  
  162  11:40  Zergling x4  
  162  11:41  Zergling x2  
  162  11:46  Roach  
  165  11:50  Baneling x10  
  165  11:52  Zergling x2, Roach  
  168  11:57  Roach  
  170  12:01  Baneling x4  
  170  12:02  Baneling x2  
  170  12:04  Zergling x4, Roach  
  174  12:08  Zergling x2, Roach  
  174  12:09  Zergling x2  
  174  12:14  Drone x2  
  180  12:17  Zergling x4, Roach  
  180  12:20  Baneling x2  
  180  12:21  Baneling x5  
  184  12:25  Overlord  
  184  12:35  Zergling x2  
  184  12:37  Overlord  
  183  12:46  Zergling x4  
  183  12:47  Zergling x12  
Show
View Real Time Build Order
Export as new Build Order

Zest Protoss - Winner!

Build Orders: 1 Gate Expand, Archon Immortal, Mass Adepts, Dark Templar Rush 

Get SALT Encoding   

  12  0:00  Probe  
  13  0:15  Pylon  
  13  0:17  Probe (Chrono Boost)  
  14  0:28  Probe (Chrono Boost)  
  15  0:32  Probe (Chrono Boost)  
  16  0:39  Gateway  
  16  0:44  Probe  
  16  0:48  Assimilator  
  17  0:56  Probe  
  18  1:08  Probe  
  19  1:20  Probe  
  19  1:24  Nexus  
  20  1:34  Cybernetics Core  
  20  1:37  Probe  
  21  1:42  Assimilator  
  21  1:49  Probe  
  21  1:53  Pylon  
  22  2:01  Probe (Chrono Boost)  
  23  2:11  Warp Gate, Stalker  
  23  2:13  Probe (Chrono Boost)  
  26  2:19  Probe (Chrono Boost)  
  27  2:28  Probe (Chrono Boost), Twilight Council  
  30  2:38  Probe x2 (Chrono Boost)  
  30  2:46  Probe x2 (Chrono Boost)  
  30  2:48  Robotics Facility  
  30  2:51  Probe (Chrono Boost)  
  33  2:59  Gateway  
  33  3:02  Resonating Glaives (Chrono Boost)  
  33  3:04  Gateway  
  33  3:12  Adept  
  35  3:20  Gateway  
  35  3:24  Probe x2  
  37  3:28  Pylon  
  37  3:35  Warp Prism  
  37  3:38  Probe  
  37  3:41  Probe  
  41  3:53  Pylon  
  41  3:58  Dark Shrine  
  41  4:01  Adept x3  
  47  4:06  Probe, Assimilator  
  47  4:07  Probe  
  49  4:11  Pylon  
  49  4:16  Observer  
  50  4:22  Assimilator  
  50  4:33  Adept x4, Pylon  
  56  4:40  Probe x2  
  58  4:46  Cybernetics Core  
  54  4:54  Adept x3  
  58  5:01  Warp Prism (Chrono Boost)  
  54  5:16  Probe x2, Dark Templar  
  54  5:17  Dark Templar  
  54  5:22  Dark Templar  
  56  5:33  Probe x2  
  58  5:40  Forge  
  58  5:45  Probe x2  
  60  5:57  Probe x2  
  62  6:06  Dark Templar  
  62  6:07  Dark Templar x2  
  62  6:09  Probe  
  70  6:11  Probe  
  70  6:12  Gateway  
  70  6:13  Gateway  
  70  6:23  Protoss Ground Weapons Level 1 (Chrono Boost)  
  70  6:25  Adept, Immortal (Chrono Boost)  
  76  6:36  Charge  
  76  6:40  Archon  
  76  6:41  Archon  
  76  6:43  Zealot  
  78  6:48  Pylon  
  78  6:50  Pylon  
  78  7:06  Nexus  
  78  7:07  Pylon  
  78  7:08  Probe x2, Immortal (Chrono Boost), Sentry  
  86  7:25  Pylon  
  86  7:26  Sentry x2  
  86  7:27  Sentry, Zealot  
  94  7:30  Shield Battery  
  94  7:32  Pylon  
  94  7:42  Observer  
  94  7:43  Immortal (Chrono Boost)  
  98  7:50  Gateway x2  
  98  7:54  Archon  
  98  7:59  Sentry x2, Zealot x3  
  98  8:00  Zealot  
  110  8:06  Pylon  
  110  8:13  Pylon  
  110  8:16  Immortal (Chrono Boost)  
  114  8:20  Pylon  
  114  8:21  Probe x3  
  114  8:22  Assimilator  
  117  8:33  Probe x2  
  117  8:34  Probe  
  120  8:39  Dark Templar x4  
  128  8:42  Colossus (Chrono Boost)  
  128  8:45  Probe  
  128  8:46  Zealot  
  128  8:47  Archon x2  
  131  8:50  Dark Templar  
  131  8:53  Zealot x2  
  137  9:03  Photon Cannon  
  137  9:05  Pylon  
  137  9:08  Pylon  
  137  9:18  Dark Templar x2  
  137  9:19  Zealot x4  
  137  9:23  Archon  
  147  9:40  Immortal (Chrono Boost)  
  151  9:52  Pylon  
  149  9:56  Stalker x4  
  157  10:01  Zealot  
  157  10:02  Blink (Chrono Boost), Zealot x3  
  157  10:04  Pylon  
  157  10:05  Nexus  
  157  10:06  Protoss Ground Weapons Level 2 (Chrono Boost)  
  165  10:19  Dark Templar  
  167  10:26  Zealot x6  
  179  10:33  Zealot  
  158  10:51  Zealot x6  
  158  10:52  Zealot  
  156  11:01  Immortal  
  142  11:16  Stalker x2  
  142  11:17  Stalker x4  
  148  11:32  Dark Templar x2  
  152  11:48  Archon  
  152  11:50  Photon Cannon  
  152  11:51  Dark Templar  
  152  11:52  Stalker x2, Dark Templar x3, Shield Battery  
  164  11:56  Archon  
  164  11:57  Archon  
  164  12:05  Stalker x2  
  168  12:09  Gateway  
  168  12:10  Gateway  
  168  12:21  Zealot x2  
  172  12:28  Zealot  
  174  12:33  Dark Templar x2, Zealot x3  
  184  12:44  Archon, Zealot x2  
  154  13:05  Stalker x3  
  118  13:06  Stalker x3  

Tags
 
Add a new tag
Caveats
  • Supply blocks, unpowered buildings, or Contaminate may cause inaccurate times.
  • Supply counts are checked every 10 seconds.